 Dungeon Crawl Stone Soup version 0.23.2-33-g5129a83184 (webtiles) character file.

Game seed: 3402790278356780298

3157 Ceapi the Fighter (level 9, 0/107 HPs)
             Began as an Ogre Berserker on July 20, 2019.
             Was an Elder of Trog.
             Slain by an iron imp (7 damage)
             ... on level 7 of the Dungeon.
             The game lasted 00:29:57 (9476 turns).

Ceapi the Fighter (Ogre Berserker)                  Turns: 9476, Time: 00:29:57

Health: 0/107      AC:  7    Str: 26    XL:     9   Next: 94%
Magic:  9/9        EV: 10    Int: 12    God:    Trog [****..]
Gold:   325        SH:  0    Dex:  8    Spells: 8/8 levels left

rFire    . . .     SeeInvis .   E - +1 battleaxe (elec)
rCold    . . .     Gourm    .   (shield currently unavailable)
rNeg     + . .     Faith    +   b - +1 animal skin
rPois    .         Spirit   .   (helmet restricted)
rElec    .         Reflect  .   a - +2 cloak
rCorr    .         Harm     .   (gloves unavailable)
MR       .....                  (boots unavailable)
Stlth    +.........             w - amulet "Vofinkae" {Faith Fragile rN+ Int+4}
HPRegen  0.27/turn              x - ring of flight
MPRegen  0.11/turn              (no ring)

@: berserk cooldown, flying, slowed, very slow
A: large, unfitting armour, tough skin 1
a: Berserk, Trog's Hand, Brothers in Arms, Renounce Religion


You were on level 7 of the Dungeon.
You worshipped Trog.
Trog was greatly pleased with you.
You were very hungry.

You visited 1 branch of the dungeon, and saw 7 of its levels.

You collected 325 gold pieces.

Inventory:

Hand Weapons
 E - a +1 battleaxe of electrocution (weapon)
Armour
 a - a +2 cloak (worn)
 b - a +1 animal skin (worn)
Jewellery
 i - a +4 ring of intelligence
 j - an uncursed ring of magical power
 u - an uncursed ring of ice
 w - the amulet "Vofinkae" (around neck) {Faith Fragile rN+ Int+4}
   (You found it on level 6 of the Dungeon)

   [amulet of faith]

   It allows you to gain divine favour quickly.
   It affects your intelligence (+4).
   It protects you from negative energy.
   It will be destroyed if unequipped.
 x - a ring of flight (left hand)
Wands
 q - a wand of digging (8)
 t - a wand of clouds (8)
Scrolls
 e - 2 scrolls of enchant armour
 f - 2 scrolls of identify {unknown}
 h - 2 scrolls of immolation {unknown}
 k - 5 scrolls of remove curse
 l - 5 scrolls of teleportation
 m - 5 scrolls of random uselessness
 n - a scroll of fear
 r - a scroll of blinking {unknown}
 v - a scroll of enchant weapon {unknown}
 y - a scroll of noise {unknown}
 F - a scroll of magic mapping {unknown}
Potions
 d - a potion of curing
 g - a potion of invisibility {unknown}
 o - a potion of berserk rage {unknown}
 p - a potion of lignification {unknown}
 s - 4 potions of brilliance {unknown}
 z - a potion of flight
 A - a potion of heal wounds {unknown}
 B - a potion of haste {unknown}
 C - a potion of degeneration {unknown}
 D - a potion of cancellation {unknown}
Comestibles
 c - 6 rations
 G - 3 chunks of flesh


   Skills:
 + Level 12.3 Fighting
   Level 6.1 Short Blades
 + Level 2.9(5.3) Axes
   Level 6.4(6.7) Maces & Flails
 - Level 2.6 Dodging


You had 8 spell levels left.
You didn't know any spells.
Your spell library was empty.

Dungeon Overview and Level Annotations

Branches:
Dungeon (7/15)             Temple (0/1) D:7

Altars:
Fedhas
Hepliaklqana
Makhleb
Nemelex Xobeh
Okawaru
Qazlal

Shops:
D:6 !


Innate Abilities, Weirdness & Mutations

You are too large for most types of armour.
You have tough skin. (AC +1)


Message History

You are no longer berserk.
You are exhausted.
You feel yourself slow down.
* * * LOW HITPOINT WARNING * * *
You feel very sick.
It was a potion of flight.
You feel very buoyant.
You fly up into the air.
* * * LOW HITPOINT WARNING * * *
You feel very sick.
It was a potion of curing.
You feel better. The iron imp hits you!
* * * LOW HITPOINT WARNING * * *
You barely miss the iron imp. The iron imp hits you!
* * * LOW HITPOINT WARNING * * *
The iron imp closely misses you.
You slash the iron imp!
The iron imp is almost dead.
The iron imp hits you!
You die...

../.....^#.........#>...##
.........#.##......#..###
..........##...#.##..#
#...................#
##.............#.###.#
#.........#......###.##.
..##.....#...............<
......†).5..............##
........)#@###..##).....#
..#......#.# #..#.......#
##.....#.###.....§>...#
#.....#.....###..§§..###
.......#######...........
.(......# #...........
.........# #........(..
########## #...........
#...........


You could see an iron imp.

Vanquished Creatures
  Grinder (D:6)
  A hippogriff (D:7)
  2 orc warriors (D:6)
  A water moccasin (D:6)
  A black bear (D:6)
  4 ogres
  A phantom (D:5)
  3 bullfrogs (D:6)
  2 scorpions (D:5)
  6 killer bees (D:7)
  5 wights (D:7)
  4 howler monkeys
  3 crimson imps (D:6)
  A bullfrog zombie (D:5)
  3 hounds
  4 orc priests
  Crazy Yiuf (D:6)
  8 orc wizards
  2 bullfrog skeletons
  A centaur skeleton (D:6)
  4 worker ants
  2 hound zombies
  A hound skeleton (D:7)
  A worker ant zombie (D:2)
  11 adders
  2 shadow imps
  An ooze (D:5)
  2 worms
  2 leopard geckos
  19 orcs
  A ball python (D:1)
  7 bats
  7 giant cockroaches
  8 goblins
  5 hobgoblins
  9 jackals (D:3)
  7 kobolds
  3 quokkas
  6 frilled lizards
  2 giant cockroach zombies (D:2)
  3 goblin skeletons (D:7)
  A goblin zombie (D:7)
  A jackal skeleton (D:4)
  A kobold skeleton (D:7)
  2 kobold zombies (D:7)
  A leopard gecko skeleton (D:2)
  An orc zombie (D:7)
  A quokka skeleton (D:6)
  9 rats
174 creatures vanquished.

Notes
Turn   | Place    | Note
-------+----------+-------------------------------------------
     0 | D:1      | Ceapi the Ogre Berserker began the quest for the Orb.
     0 | D:1      | Reached XP level 1. HP: 24/24 MP: 1/1
     7 | D:1      | Noticed a swamp worm
     7 | D:1      | Noticed a water moccasin
     7 | D:1      | Noticed a komodo dragon
     7 | D:1      | Noticed a seven-headed hydra
   203 | D:1      | Reached XP level 2. HP: 30/32 MP: 2/2
   533 | D:1      | Reached XP level 3. HP: 39/39 MP: 3/3
  1194 | D:2      | Reached XP level 4. HP: 31/48 MP: 4/4
  1810 | D:2      | Reached ** piety under Trog
  1819 | D:2      | Found a hazy altar of Hepliaklqana.
  2340 | D:3      | Reached skill level 1 in Short Blades
  2375 | D:3      | Reached XP level 5. HP: 33/54 MP: 5/5
  2785 | D:3      | Reached XP level 6. HP: 29/62 MP: 6/6
  3066 | D:3      | Found a burning altar of Makhleb.
  3750 | D:4      | Found an iron altar of Okawaru.
  3945 | D:4      | Reached *** piety under Trog
  4159 | D:4      | Reached XP level 7. HP: 70/70 MP: 7/7
  4207 | D:4      | Found a sparkling altar of Nemelex Xobeh.
  4328 | D:5      | Entered Level 5 of the Dungeon
  4401 | D:5      | Reached skill level 5 in Short Blades
  5319 | D:5      | Found a blossoming altar of Fedhas.
  5327 | D:5      | Reached skill level 5 in Maces & Flails
  5913 | D:6      | Found a stormy altar of Qazlal.
  5944 | D:6      | Reached skill level 5 in Fighting
  5944 | D:6      | Reached XP level 8. HP: 16/80 MP: 8/8
  6406 | D:6      | Found a runed translucent door.
  6407 | D:6      | Noticed Crazy Yiuf
  6467 | D:6      | Killed Crazy Yiuf
  6560 | D:6      | Reached skill level 6 in Fighting
  7086 | D:6      | Reached skill level 7 in Fighting
  7412 | D:6      | Reached skill level 8 in Fighting
  7570 | D:6      | Noticed Grinder
  7570 | D:6      | Paralysed by Grinder for 2 turns
  7593 | D:6      | Killed Grinder
  7593 | D:6      | Reached skill level 9 in Fighting
  7593 | D:6      | Reached XP level 9. HP: 84/100 MP: 9/9
  7671 | D:6      | Got a coiled ruby amulet
  7672 | D:6      | Identified the amulet "Vofinkae" {Faith Fragile rN+ Int+4}
                  | (You found it on level 6 of the Dungeon)
  7698 | D:6      | Reached skill level 10 in Fighting
  8141 | D:6      | Found Fola Men's Distillery.
  8539 | D:7      | Reached **** piety under Trog
  8778 | D:7      | Reached skill level 11 in Fighting
  9398 | D:7      | Found a staircase to the Ecumenical Temple.
  9453 | D:7      | Reached skill level 12 in Fighting
  9453 | D:7      | Reached skill level 1 in Axes
  9476 | D:7      | Slain by an iron imp

Skill      XL: |  1  2  3  4  5  6  7  8  9 |
---------------+----------------------------+-----
Maces & Flails | 3 4 5 6 |  6.4
Short Blades   | 1 3 4 6 |  6.1
Fighting       | 5 9 12 | 12.3
Axes           | 2 |  2.9
Dodging        | |  2.6

Action                   |  1- 3 |  4- 6 |  7- 9 || total
-------------------------+-------+-------+-------++-------
Melee: Mace              |    89 |    45 |   126 ||   260
       Short sword       |       |   145 |   186 ||   331
       Battleaxe         |       |       |    30 ||    30
Invok: Trog's Hand       |       |     1 |       ||     1
       Berserk           |       |       |     6 ||     6
  Use: Scroll            |       |       |     5 ||     5
       Potion            |       |       |     2 ||     2
 Stab: Sleeping          |     1 |       |       ||     1
  Eat: Chunk             |     1 |     9 |    11 ||    21
       Ration            |       |       |     3 ||     3
Armor: Animal skin       |    29 |    82 |   104 ||   215
Dodge: Dodged            |    52 |    96 |   184 ||   332
